 Dungeon Crawl Stone Soup version 0.29.0-7-g18a832c13a (webtiles) character file.

Game seed: 17656341750689718469

275 Renzlar the Shield-Bearer (level 6, -2/53 HPs)
             Began as a Gnoll Fighter on Sept 1, 2022.
             Slain by a gnoll
             ... wielding a +0 halberd
              (5 damage)
             ... on level 3 of the Dungeon.
             The game lasted 00:08:44 (2041 turns).

Renzlar the Shield-Bearer (Gnoll Fighter)           Turns: 2041, Time: 00:08:45

Health: -2/53      AC: 11    Str: 18    XL:     6   Next: 24%
Magic:  8/9        EV:  6    Int:  7    God:
Gold:   155        SH:  9    Dex: 11    Spells: 9/9 levels left

rFire   . . .      SeeInvis .   a - +0 war axe
rCold   . . .      Faith    .   l - +0 kite shield
rNeg    . . .      Spirit   .   o - +0 chain mail
rPois   .          Reflect  .   (no helmet)
rElec   .          Harm     .   (no cloak)
rCorr   .          Rampage  .   p - +0 pair of gloves
Will    .....                   (no boots)
Stlth   ..........              (no amulet)
HPRegen 0.17/turn               (no ring)
MPRegen 0.11/turn               (no ring)

@: no status effects
A: fangs 1, strong nose, distributed training
a: no special abilities


You were on level 3 of the Dungeon.
You visited 1 branch of the dungeon, and saw 3 of its levels.

You collected 155 gold pieces.

Inventory:

Hand Weapons
 a - a +0 war axe (weapon)
 c - a +0 sling
Missiles
 i - 10 poisoned darts
Armour
 b - a +0 scale mail
 l - a +0 kite shield (worn)
 o - a +0 chain mail (worn)
 p - a +0 pair of gloves (worn)
Wands
 n - a wand of charming (8)
Scrolls
 j - a scroll of magic mapping
Potions
 d - a potion of might
 e - 5 potions of haste
 f - a potion of attraction {unknown}
 g - a potion of cancellation {unknown}
 h - 2 potions of heal wounds
 k - a potion of berserk rage
 m - a potion of flight
 q - a potion of curing {unknown}


   Skills:
 + Level 6.8 Fighting
 + Level 2.0 Short Blades
 + Level 2.0 Long Blades
 + Level 5.0 Axes
 + Level 2.0 Maces & Flails
 + Level 2.0 Polearms
 + Level 2.0 Staves
 + Level 2.0 Ranged Weapons
 + Level 2.0 Throwing
 + Level 6.8 Armour
 + Level 2.0 Dodging
 + Level 2.0 Stealth
 + Level 6.8 Shields
 + Level 2.0 Unarmed Combat
 + Level 2.0 Spellcasting
 + Level 1.5 Conjurations
 + Level 1.5 Hexes
 + Level 1.5 Summonings
 + Level 1.5 Necromancy
 + Level 1.5 Translocations
 + Level 1.5 Transmutations
 + Level 1.5 Fire Magic
 + Level 1.5 Ice Magic
 + Level 1.5 Air Magic
 + Level 1.5 Earth Magic
 + Level 1.5 Poison Magic
 + Level 2.1 Invocations
 + Level 2.0 Evocations


You had 9 spell levels left.
You didn't know any spells.
Your spell library contained the following spells:

 Spells                   Type           Power      Damage    Failure   Level
 Inner Flame              Hex/Fire       2%         N/A       100%        3
 Cause Fear               Hex            1%         N/A       100%        4
 Dispersal                Tloc           1%         N/A       100%        6
 Discord                  Hex            1%         N/A       100%        8
 Disjunction              Tloc           1%         N/A       100%        8


Dungeon Overview and Level Annotations

Branches:
Dungeon (3/15)

Altars:


Innate Abilities, Weirdness & Mutations

You have very sharp teeth.
Your uncanny sense of smell can sniff out nearby items.
Your experience applies equally to all skills.


Message History

You hit the gnoll. The gnoll hits you with a +0 halberd.
The gnoll hits you but does no damage. You block the gnoll's attack.
The gnoll hits you but does no damage.
You hit the gnoll but do no damage.
The gnoll is heavily wounded.
You hit the gnoll.
You kill the gnoll!
The gnoll hits you with a +0 halberd!
* * * LOW HITPOINT WARNING * * *
Your Short Blades skill increases to level 2!
Your Long Blades skill increases to level 2!
Your Maces & Flails skill increases to level 2!
Your Polearms skill increases to level 2!
Your Staves skill increases to level 2!
Your Ranged Weapons skill increases to level 2!
Your Throwing skill increases to level 2!
Your Dodging skill increases to level 2!
Your Stealth skill increases to level 2!
Your Unarmed Combat skill increases to level 2!
Your Spellcasting skill increases to level 2!
Your Evocations skill increases to level 2!
Unknown command.
You closely miss the gnoll.
The gnoll is heavily wounded.
The gnoll hits you with a +0 halberd.
* * * LOW HITPOINT WARNING * * *
Unknown command.
You closely miss the gnoll.
The gnoll is heavily wounded.
The gnoll hits you with a +0 halberd.
* * * LOW HITPOINT WARNING * * *
You block the gnoll's attack.
Unknown command.
You barely miss the gnoll.
The gnoll is heavily wounded.
The gnoll barely misses you.
You closely miss the gnoll. You bite the gnoll, but do no damage.
The gnoll is heavily wounded.
You block the gnoll's attack. The gnoll hits you with a +0 halberd.
You die...

#########........####.....#.#
......###.####...# #.#.#.#.#####
..........# ....####.......#....
......##..# ##+#........####.###
......##.)... #.#.######.........
......##..#..##.#.# #......##.##.
.>....##.##..##.#.###.####.#.....
###'####.##..##.#.....# #.######
..).####.#......@###### #)######
####†....#.....)g# #.......
###.###........ ########
#............. ∆ ....#........#+
.#S..#...<....#∆ #o#o###......#..
∆. ... ##.#### .# .. .h.


You could see a gnoll.

Vanquished Creatures
  A black bear (D:3)
  3 gnolls (D:3)
  8 adders
  3 worms
  2 dart slugs
  8 orcs (D:3)
  5 ball pythons
  6 endoplasms
  4 giant cockroaches
  3 hobgoblins
  2 kobolds (D:3)
  4 quokkas
  3 bats
  2 frilled lizards
  3 goblins
  5 rats
62 creatures vanquished.

Notes
Turn   | Place    | Note
-------+----------+-------------------------------------------
     0 | D:1      | Renzlar the Gnoll Fighter began the quest for the Orb.
     0 | D:1      | Reached XP level 1. HP: 23/23 MP: 1/1
   170 | D:1      | Reached XP level 2. HP: 29/29 MP: 2/2
   820 | D:2      | Reached XP level 3. HP: 35/35 MP: 3/3
   886 | D:2      | Reached skill level 1 in Invocations
   891 | D:2      | Reached skill level 1 in Short Blades
   891 | D:2      | Reached skill level 1 in Long Blades
   891 | D:2      | Reached skill level 1 in Maces & Flails
   891 | D:2      | Reached skill level 1 in Polearms
   891 | D:2      | Reached skill level 1 in Staves
   891 | D:2      | Reached skill level 1 in Ranged Weapons
   891 | D:2      | Reached skill level 1 in Throwing
   891 | D:2      | Reached skill level 1 in Dodging
   891 | D:2      | Reached skill level 1 in Stealth
   891 | D:2      | Reached skill level 1 in Unarmed Combat
   891 | D:2      | Reached skill level 1 in Spellcasting
   891 | D:2      | Reached skill level 1 in Evocations
   896 | D:2      | Reached XP level 4. HP: 38/41 MP: 5/5
  1218 | D:2      | Reached skill level 1 in Conjurations
  1218 | D:2      | Reached skill level 1 in Hexes
  1218 | D:2      | Reached skill level 1 in Summonings
  1218 | D:2      | Reached skill level 1 in Necromancy
  1218 | D:2      | Reached skill level 1 in Translocations
  1218 | D:2      | Reached skill level 1 in Transmutations
  1218 | D:2      | Reached skill level 1 in Fire Magic
  1218 | D:2      | Reached skill level 1 in Ice Magic
  1218 | D:2      | Reached skill level 1 in Air Magic
  1218 | D:2      | Reached skill level 1 in Earth Magic
  1218 | D:2      | Reached skill level 1 in Poison Magic
  1719 | D:3      | Reached XP level 5. HP: 39/47 MP: 7/7
  1846 | D:3      | Noticed a black bear
  1867 | D:3      | Killed a black bear
  1868 | D:3      | Reached XP level 6. HP: 48/53 MP: 8/8
  2033 | D:3      | Reached skill level 5 in Axes
  2039 | D:3      | HP: 2/53 [gnoll/+0 halberd (5)]
  2041 | D:3      | Slain by a gnoll

Illustrated notes

Levels and vault maps discovered:
D:1:      psy_arrival_radial02, layout_loops_ring, palyth_stone_intersect,
          minivault_19
D:2:      layout_basic, minmay_vboxes
D:3:      layout_basic, shapermc_ecumenical_altar_pompeii

Skill      XL: |  1  2  3  4  5  6 |
---------------+-------------------+-----
Invocations    | 1 2 |  2.1
Short Blades   | 1 2 |  2.0
Long Blades    | 1 2 |  2.0
Maces & Flails | 1 2 |  2.0
Polearms       | 1 2 |  2.0
Staves         | 1 2 |  2.0
Ranged Weapons | 1 2 |  2.0
Throwing       | 1 2 |  2.0
Dodging        | 1 2 |  2.0
Stealth        | 1 2 |  2.0
Unarmed Combat | 1 2 |  2.0
Spellcasting   | 1 2 |  2.0
Evocations     | 1 2 |  2.0
Conjurations   | 1 |  1.5
Hexes          | 1 |  1.5
Summonings     | 1 |  1.5
Necromancy     | 1 |  1.5
Translocations | 1 |  1.5
Transmutations | 1 |  1.5
Fire Magic     | 1 |  1.5
Ice Magic      | 1 |  1.5
Air Magic      | 1 |  1.5
Earth Magic    | 1 |  1.5
Poison Magic   | 1 |  1.5
Axes           | 5 |  5.0
Fighting       | |  6.8
Armour         | |  6.8
Shields        | |  6.8

Action                   |  1- 3 |  4- 6 || total
-------------------------+-------+-------++-------
Melee: War axe           |    48 |   117 ||   165
       Bite              |     7 |    13 ||    20
 Fire: Sling             |    16 |    57 ||    73
  Use: Scroll            |     5 |     5 ||    10
Armor: Scale mail        |    19 |    35 ||    54
       Chain mail        |       |    11 ||    11
Dodge: Dodged            |    12 |    49 ||    61
Block: Buckler           |    24 |     2 ||    26
       Kite shield       |       |    66 ||    66
